 Dungeon Crawl Stone Soup version 0.21-a0-286-g6fcecc0 (webtiles) character file.

7839 tidbits the Grappler (level 11, -8/88 HPs)
             Began as a Yellow Draconian Fighter on Sept 25, 2017.
             Was a Believer of Wu Jian.
             Mangled by an eight-headed hydra (13 damage)
             ... on level 2 of the Lair of Beasts.
             The game lasted 00:49:19 (4907 turns).

tidbits the Grappler (Yellow Draconian Fighter)     Turns: 4907, Time: 00:49:20

Health: -8/88      AC:  9    Str: 18    XL:     11   Next: 2%
Magic:  17/17      EV: 13    Int: 12    God:    Wu Jian [**....]
Gold:   478        SH: 11    Dex: 11    Spells: 17/19 levels left

rFire    + . .     SeeInvis .     - Unarmed
rCold    . . .     Gourm    .   D - +0 shield
rNeg     + . .     Faith    .   (armour unavailable)
rPois    .         Spirit   .   (helmet restricted)
rElec    .         Reflect  .   C - +0 cloak {MR+}
rCorr    +         Harm     .   (no gloves)
MR       +....                  F - +0 pair of boots
Stlth    +.........             (no amulet)
HPRegen  0.24/turn              k - ring of positive energy
MPRegen  0.15/turn              u - ring of protection from fire

@: short of breath
A: spit acid, acid resistance, unfitting armour, cold-blooded, AC +7
a: Breathe Acid, Renounce Religion


You were on level 2 of the Lair of Beasts.
You worshipped Wu Jian.
Wu Jian was pleased with you.
You were not hungry.

You visited 3 branches of the dungeon, and saw 15 of its levels.
You also visited: Sewer.

You collected 478 gold pieces.

Inventory:

Hand Weapons
 a - a +0 shortbow of freezing
   (You took it off a centaur on level 8 of the Dungeon)
 g - a +1 blowgun
 i - a +0 hunting sling
 j - a +2 trident of flaming
   (You took it off an orc on level 5 of the Dungeon)
 l - a +0 falchion of holy wrath
   (You took it off an orc on level 2 of the Dungeon)
 L - a +1 hand axe of draining
   (You found it on level 9 of the Dungeon)
 N - a +0 shortbow
Missiles
 e - 268 arrows
 f - a javelin (quivered)
 p - 38 poisoned needles
 t - 3 curare-tipped needles
Armour
 w - a +0 buckler
 C - a +0 cloak of magic resistance (worn)
   (You found it on level 7 of the Dungeon)
 D - a +0 shield (worn)
 F - a +0 pair of boots (worn)
Jewellery
 k - a ring of positive energy (left hand)
   (You found it on level 1 of the Dungeon)
 u - a ring of protection from fire (right hand)
   (You took it off an orc on level 6 of the Dungeon)
Wands
 E - a wand of polymorph (13/24)
 G - a wand of digging (3/24)
Scrolls
 b - 4 scrolls of teleportation
 o - a scroll of amnesia
 r - a scroll of remove curse
 v - a scroll of noise {unknown}
 z - a scroll of fog
 B - 2 scrolls of recharging
 I - 2 scrolls of random uselessness {unknown}
 O - 2 scrolls of enchant armour {unknown}
 P - a scroll of torment {unknown}
 Q - a scroll of immolation
 R - a scroll of brand weapon {unknown}
Potions
 h - 4 potions of flight
 q - 5 potions of curing
 A - a potion of agility
 H - a potion of ambrosia {unknown}
 K - 2 potions of heal wounds
Books
 s - a book of Callings
   (You found it on level 10 of the Dungeon)

   Spells                             Type                      Level
   a - Summon Small Mammal            Summoning                    1
   b - Call Imp                       Summoning                    2
   c - Call Canine Familiar           Summoning                    3
   d - Summon Guardian Golem          Hexes/Summoning              3
   e - Summon Lightning Spire         Summoning/Air                4
   f - Summon Ice Beast               Ice/Summoning                4
 y - a book of Cantrips
   (You found it on level 8 of the Dungeon)

   Spells                             Type                      Level
   a - Confusing Touch                Hexes                        1
   b - Animate Skeleton               Necromancy                   1
   c - Summon Small Mammal            Summoning                    1
   d - Apportation                    Translocation                1
 J - a book of Flames
   (You found it on level 8 of the Dungeon)

   Spells                             Type                      Level
   a - Flame Tongue                   Conjuration/Fire             1
   b - Throw Flame                    Conjuration/Fire             2
   c - Conjure Flame                  Conjuration/Fire             3
   d - Inner Flame                    Hexes/Fire                   3
   e - Sticky Flame                   Conjuration/Fire             4
   f - Fireball                       Conjuration/Fire             5
Miscellaneous
 M - a lightning rod (inert)
Comestibles
 c - 7 bread rations
 d - 10 chunks of flesh
 m - 4 meat rations
 n - 3 fruits
 x - 2 royal jellies


   Skills:
 + Level 5.4 Fighting
 + Level 6.1 Dodging
 + Level 8.4 Shields
 + Level 11.2 Unarmed Combat
 - Level 4.5 Spellcasting
 - Level 5.0 Necromancy


You had 17 spell levels left.
You knew the following spells:

 Your Spells              Type           Power        Failure   Level  Hunger
a - Apportation           Tloc           #.....       43%         1    None
n - Animate Skeleton      Necr           N/A          6%          1    None


Dungeon Overview and Level Annotations

Branches:
Dungeon (12/15)            Temple (1/1) D:6            Lair (2/6) D:10
    Orc (0/2) D:10
  Swamp: Lair:2-4    Shoals: Lair:2-4     Snake: Lair:2-4    Spider: Lair:2-4

Altars:
Elyvilon
Fedhas
Gozag
Hepliaklqana
Kikubaaqudgha
Nemelex Xobeh
Qazlal
Ru
Sif Muna
Trog
Uskayaw
Wu Jian
Xom
Yredelemnul
Zin

Annotations:
D:5 aspa's ghost, novice OpWz
D:10 Josephine


Innate Abilities, Weirdness & Mutations

You can spit globs of acid.
You are resistant to acid.
Your golden yellow scales are hard. (AC +7)
You cannot fit into any form of body armour.
You are cold-blooded and may be slowed by cold attacks.


Message History

Found a scroll labeled TIOLIEK EMAWKO.
There is a stone staircase leading down here.
R - a scroll labeled TIOLIEK EMAWKO You have got your breath back.
There is a stone staircase leading down here.
You climb downwards.
There is a stone staircase leading up, spattered with blood here.
Eat one of 11 chunks of flesh? (ye/n/q)
You eat one of the 11 chunks of flesh.
This raw flesh tastes terrible.
Found 22 arrows.
Found a pair of gloves.
An eight-headed hydra comes into view.
The eight-headed hydra roars!
You see here 22 arrows.
e - 268 arrows (gained 22)
Okay, then.
Evoke which item? (* to show all) (? for menu, Esc to quit)
Okay, then.
Okay, then.
What are your orders? t - Shout!
Orders for allies: a - Attack new target. r - Retreat! s - Stop attacking. g - Guard the area. f - Follow me.
Anything else - Cancel.
Gang up on whom?
Press: ? - help, Dir - move target cursor, f - eight-headed hydra
Aim: an eight-headed hydra Attack!
The eight-headed hydra bites your black mamba skeleton!
The eight-headed hydra barely misses your black mamba skeleton.
The eight-headed hydra bites your black mamba skeleton.
The eight-headed hydra bites your black mamba skeleton!
The eight-headed hydra bites your black mamba skeleton!!
Your black mamba skeleton is destroyed!
Evoke which item? (* to show all) (? for menu, Esc to quit)
Aiming: Thunderbolt
Press: ? - help, Shift-Dir - straight line, f/p - eight-headed hydra
Aim: an eight-headed hydra The thunderbolt hits the eight-headed hydra.
The eight-headed hydra is moderately wounded.
Evoke which item? (* to show all) (? for menu, Esc to quit)
Aiming: Thunderbolt
Press: ? - help, Shift-Dir - straight line, f/p - eight-headed hydra
Aim: an eight-headed hydra (moderately wounded)
The thunderbolt hits the eight-headed hydra.
The eight-headed hydra is severely wounded.
The lightning rod overheats!
Evoke which item? (* to show all) (? for menu, Esc to quit)
That is presently inert.
Press: ? - help, Shift-Dir - straight line, f/p - eight-headed hydra
Aim: an eight-headed hydra (severely wounded)
You spit a glob of acid.
The glob of acid hits the eight-headed hydra.
The eight-headed hydra is splashed with acid.
The acid corrodes the eight-headed hydra!
The eight-headed hydra is almost dead.
The eight-headed hydra is splashed with acid.
The acid corrodes the eight-headed hydra!
You feel somewhat more hungry. The eight-headed hydra bites you!
You block the eight-headed hydra's attack.
The eight-headed hydra bites you! x2
The eight-headed hydra closely misses you.
You block the eight-headed hydra's attack.
The eight-headed hydra bites you!
* * * LOW HITPOINT WARNING * * *
The eight-headed hydra bites you but does no damage.
You hit the eight-headed hydra.
The eight-headed hydra is almost dead.
The eight-headed hydra closely misses you.
You block the eight-headed hydra's attack. x2
The eight-headed hydra bites you!
* * * LOW HITPOINT WARNING * * *
The eight-headed hydra bites you!
* * * LOW HITPOINT WARNING * * *
You block the eight-headed hydra's attack.
The eight-headed hydra bites you.
* * * LOW HITPOINT WARNING * * *
The eight-headed hydra bites you!
* * * LOW HITPOINT WARNING * * *
Okay, then.
Okay, then.
Autopickup is now off.
You have got your breath back.
Press: ? - help, Shift-Dir - straight line, f/p - eight-headed hydra
Aim: an eight-headed hydra (severely wounded, covered in acid)
You spit a glob of acid.
The glob of acid hits the eight-headed hydra.
The eight-headed hydra is splashed with acid.
The eight-headed hydra is almost dead.
The eight-headed hydra is splashed with acid.
The acid corrodes the eight-headed hydra!
You feel somewhat more hungry.
The eight-headed hydra closely misses you.
The eight-headed hydra bites you.
* * * LOW HITPOINT WARNING * * *
The eight-headed hydra bites you but does no damage.
You block the eight-headed hydra's attack. x2
The eight-headed hydra bites you!
You die...

#########
#.@D....#
#.##..####### #
#...#..#.##
#....#....##
#..#.(......###
###.#.........####
####.......#[...
##.<.........
##.<........


You could see an eight-headed hydra.

Vanquished Creatures
  3 two-headed ogres
  An ugly thing (D:11)
  2 black mambas
  A centaur zombie (D:9)
  2 hippogriffs (Lair:1)
  A wraith (D:9)
  A spriggan (D:7)
  2 yaks
  4 orc warriors
  A sky beast (D:8)
  2 ice beasts
  4 ogres
  5 centaurs
  4 crocodiles (Lair:1)
  7 bullfrogs
  A big kobold (Sewer)
  A water moccasin skeleton (D:4)
  A scorpion (D:8)
  4 killer bees (D:8)
  A wight (D:11)
  3 howler monkeys
  A crimson imp (D:8)
  A jelly (D:7)
  A hound (D:4)
  6 orc priests
  A bullfrog skeleton (D:8)
  3 orc wizards
  4 centaur skeletons
  An iguana (D:6)
  9 worker ants
  A hound zombie (D:5)
  2 hound skeletons
  12 adders
  3 river rats
  2 shadow imps
  An adder skeleton (D:8)
  2 worms
  A dart slug (D:2)
  3 leopard geckos
  39 orcs
  2 bats
  3 giant cockroaches
  5 goblins
  2 hobgoblins (D:2)
  5 jackals
  7 kobolds
  A quokka (D:6)
  A ball python (D:2)
  3 frilled lizards
  2 leopard gecko skeletons
  A leopard gecko zombie (D:6)
  5 rats
181 creatures vanquished.

Vanquished Creatures (collateral kills)
  A hungry ghost (D:9)
  3 orcs (D:10)
4 creatures vanquished.

Grand Total: 185 creatures vanquished

Notes
Turn   | Place    | Note
-------+----------+-------------------------------------------
     0 | D:1      | tidbits the Draconian Fighter began the quest for the Orb.
     0 | D:1      | Reached XP level 1. HP: 19/19 MP: 1/1
    63 | D:2      | Reached XP level 2. HP: 22/26 MP: 2/2
   164 | D:3      | Found a sacrificial altar of Ru.
   185 | D:3      | Reached skill level 3 in Unarmed Combat
   331 | D:2      | Found a blossoming altar of Fedhas.
   351 | D:2      | Reached XP level 3. HP: 22/31 MP: 3/3
   374 | D:2      | Reached XP level 4. HP: 14/38 MP: 4/4
   586 | D:2      | Found a basalt altar of Yredelemnul.
   678 | D:2      | Reached skill level 4 in Unarmed Combat
   812 | D:4      | Noticed an ogre
   841 | D:4      | Killed an ogre
   841 | D:4      | Reached skill level 4 in Shields
   841 | D:4      | Reached skill level 5 in Unarmed Combat
   841 | D:4      | Reached XP level 5. HP: 43/45 MP: 5/5
   992 | D:5      | Entered Level 5 of the Dungeon
  1118 | D:5      | Noticed aspa's ghost (novice OpWz)
  1198 | D:4      | Reached XP level 6. HP: 45/51 MP: 6/6
  1265 | D:4      | Reached skill level 6 in Unarmed Combat
  1360 | D:4      | Reached skill level 5 in Shields
  1371 | D:4      | Your scales start taking on a golden yellow colour.
  1371 | D:4      | Reached XP level 7. HP: 52/57 MP: 7/7
  1578 | D:5      | Found a glowing drain.
  1584 | Sewer    | Entered a sewer
  1639 | Sewer    | Reached skill level 7 in Unarmed Combat
  1671 | Sewer    | Found a glowing silver altar of Zin.
  2009 | D:6      | Reached skill level 6 in Shields
  2024 | D:6      | Reached XP level 8. HP: 63/63 MP: 8/8
  2034 | D:6      | Reached skill level 8 in Unarmed Combat
  2068 | D:6      | Reached skill level 3 in Dodging
  2157 | D:6      | Found a staircase to the Ecumenical Temple.
  2170 | Temple   | Entered the Ecumenical Temple
  2345 | D:6      | Found an ornate altar of the Wu Jian Council.
  2353 | D:6      | Became a worshipper of the Wu Jian Council
  2411 | D:7      | Found a hide-covered altar of Uskayaw.
  2483 | D:8      | Noticed a two-headed ogre
  2506 | D:8      | Killed a two-headed ogre
  2506 | D:8      | Reached skill level 4 in Dodging
  2506 | D:8      | Reached skill level 7 in Shields
  2506 | D:8      | Reached skill level 9 in Unarmed Combat
  2506 | D:8      | Reached XP level 9. HP: 29/70 MP: 9/9
  2839 | D:8      | Reached skill level 10 in Unarmed Combat
  2844 | D:8      | Learned a level 1 spell: Animate Skeleton
  2981 | D:8      | Reached * piety under Wu Jian
  2981 | D:8      | Reached skill level 5 in Dodging
  3509 | D:10     | Entered Level 10 of the Dungeon
  3549 | D:12     | Noticed a cyan ugly thing
  3590 | D:11     | Killed a cyan ugly thing
  3590 | D:11     | Reached skill level 4 in Fighting
  3600 | D:11     | Reached skill level 8 in Shields
  3600 | D:11     | Reached XP level 10. HP: 42/80 MP: 10/10
  3681 | D:10     | Reached skill level 1 in Spellcasting
  3681 | D:10     | Reached skill level 1 in Necromancy
  3892 | D:9      | Noticed a two-headed ogre
  3906 | D:9      | Killed a two-headed ogre
  3906 | D:9      | Reached skill level 2 in Spellcasting
  3906 | D:9      | Reached skill level 3 in Necromancy
  3918 | D:9      | Reached skill level 3 in Spellcasting
  3928 | D:9      | Learned a level 1 spell: Apportation
  4016 | D:8      | Noticed a two-headed ogre
  4027 | D:8      | Killed a two-headed ogre
  4027 | D:8      | Reached ** piety under Wu Jian
  4027 | D:8      | Reached skill level 4 in Spellcasting
  4027 | D:8      | Reached skill level 4 in Necromancy
  4056 | D:10     | Noticed Josephine
  4162 | D:8      | Reached skill level 5 in Necromancy
  4199 | D:8      | Reached skill level 11 in Unarmed Combat
  4265 | D:8      | Found a sparkling altar of Nemelex Xobeh.
  4400 | D:10     | Found a staircase to the Orcish Mines.
  4531 | D:10     | Found a staircase to the Lair.
  4566 | Lair:1   | Entered Level 1 of the Lair of Beasts
  4620 | Lair:1   | Noticed a black mamba
  4638 | Lair:1   | Killed a black mamba
  4638 | Lair:1   | Reached skill level 5 in Fighting
  4638 | Lair:1   | Reached skill level 6 in Dodging
  4696 | Lair:1   | Noticed a spiny frog
  4851 | Lair:2   | Noticed a black mamba
  4858 | Lair:2   | Killed a black mamba
  4858 | Lair:2   | Reached XP level 11. HP: 69/88 MP: 17/17
  4881 | Lair:2   | Noticed an eight-headed hydra
  4893 | Lair:2   | HP: 7/88 [eight-headed hydra (9)]
  4907 | Lair:2   | HP: 5/88 [eight-headed hydra (6)]
  4907 | Lair:2   | Mangled by an eight-headed hydra

Vault maps used:
D:1:      dpeg_arrival_ternary, minivault_25, due_unseen_surprise
D:2:      yredelemnul_altar_generic, fedhas_altar_2, first_bread
D:3:      bloody_makhleb, old_standard_altar, overflow_temple_1_default,
          lemuel_round_altar, grunt_ministairs_6, dk_vineyard_2, minivault_14,
          minmay_goblin_outpost
D:5:      grunt_temple_overflow_diamond, gup_sewer_entry_bubbles, uniq_edmund
D:6:      kennysheep_mini_moat, minmay_temple_entry_purple_smoke
D:7:      nicolae_overflow_crystal_walls, the_bakery
D:8:      nicolae_whirlpool, slow_altar_2, nemelex_xobeh_ov_fountains_minmay
D:9:      minmay_misc_feat_hallway
D:10:     statuecave_lemuel, david_orc_2, uniq_josephine
D:12:     minmay_box_of_statues, serial_shops, shop, jmf_multi_god_temple
Temple:   jpeg_temple_island
Lair:2:   guppyfry_snake_entry_island, kennysheep_snail_temple, uniq_sonja,
          uniq_nergalle, uniq_erica
Sewer:    sewer_kobolds

Skill      XL: |  1  2  3  4  5  6  7  8  9 10 |
---------------+-------------------------------+-----
Unarmed Combat | 3 5 6 7 9 10 11 | 11.2
Shields        | 4 5 6 7 8 |  8.4
Dodging        | 4 5 6 |  6.1
Fighting       | 4 5 |  5.4
Spellcasting   | 4 |  4.5
Necromancy     | 5 |  5.0

Action                   |  1- 3 |  4- 6 |  7- 9 | 10-12 || total
-------------------------+-------+-------+-------+-------++-------
Melee: Unarmed           |    69 |   158 |   325 |    97 ||   649
       Tailslap          |     8 |    29 |    40 |    19 ||    96
       Falchion          |       |    18 |       |     5 ||    23
Throw: Javelin           |       |     1 |       |       ||     1
 Cast: Animate Skeleton  |       |       |       |    10 ||    10
 Abil: Breathe Acid      |       |       |    32 |    21 ||    53
Evoke: Wand              |       |       |     1 |       ||     1
       Lightning rod     |       |       |       |     5 ||     5
  Use: Potion            |     1 |    10 |     4 |     2 ||    17
       Scroll            |       |     1 |     5 |     8 ||    14
 Stab: Sleeping          |     1 |       |       |       ||     1
       Invisible         |       |     5 |       |       ||     5
  Eat: Chunk             |       |     2 |    13 |    11 ||    26
Armor: Skin              |    14 |    39 |    70 |    25 ||   148
Dodge: Dodged            |    29 |    63 |   101 |    44 ||   237
Block: Shield            |    41 |    71 |   139 |    69 ||   320
       Rpst.: Falchion   |       |     6 |       |     1 ||     7

Table legend:
 A = Spawn XP
 B = Non-spawn XP
 C = Spawn XP percentage of total XP
 D = Spawn monster count
 E = Non-spawn monster count
 F = Spawn count percentage of total count
 G = Total turns spent on level
                    A         B        C        D         E        F      G
               +---------+---------+-------+---------+---------+-------+---------
         Total |       0 |   11199 |   0.0 |       0 |     185 |   0.0 |  4907
               +---------+---------+-------+---------+---------+-------+---------
           D:1 |       0 |       8 |   0.0 |       0 |       5 |   0.0 |   202
           D:2 |       0 |     161 |   0.0 |       0 |      24 |   0.0 |   484
           D:3 |       0 |      15 |   0.0 |       0 |       2 |   0.0 |    65
           D:4 |       0 |     674 |   0.0 |       0 |      22 |   0.0 |   550
           D:5 |       0 |     127 |   0.0 |       0 |      12 |   0.0 |   530
           D:6 |       0 |     878 |   0.0 |       0 |      23 |   0.0 |   422
           D:7 |       0 |     426 |   0.0 |       0 |      13 |   0.0 |   503
           D:8 |       0 |    3337 |   0.0 |       0 |      33 |   0.0 |   731
           D:9 |       0 |    2045 |   0.0 |       0 |      13 |   0.0 |   505
          D:10 |       0 |     624 |   0.0 |       0 |      14 |   0.0 |   287
          D:11 |       0 |     968 |   0.0 |       0 |       6 |   0.0 |   129
        Lair:1 |       0 |    1408 |   0.0 |       0 |       8 |   0.0 |   294
        Lair:2 |       0 |     405 |   0.0 |       0 |       1 |   0.0 |    47
         Sewer |       0 |     123 |   0.0 |       0 |       9 |   0.0 |   124
               +---------+---------+-------+---------+---------+-------+---------

Table legend:
 A = Turns spent in this place as a percentage of turns spent in the entire game.
 B = Non-inter-level travel turns spent in this place as a percentage of non-inter-level travel turns spent in the entire game.
 C = Inter-level travel turns spent in this place as a percentage of turns spent in this place.
 D = Turns resting spent in this place as a percentage of non-inter-level travel turns spent in this place.
 E = Turns spent auto-exploring this place as a percentage of non-inter-level travel turns spent in this place.
 F = Non-inter-level travel turns spent in this place divided by the number of levels of this place that you've seen.
                   A       B       C       D       E      F
               +-------+-------+-------+-------+-------+----------------------
         Total | 100.0 | 100.0 |   2.4 |   0.0 |   0.0 | 299.2
       Dungeon |  89.9 |  90.0 |   2.4 |   0.0 |   0.0 | 358.8
        Temple |   0.6 |   0.3 |  44.8 |   0.0 |   0.0 |  16.0
          Lair |   6.9 |   7.1 |   0.0 |   0.0 |   0.0 | 170.5
         Sewer |   2.5 |   2.6 |   0.0 |   0.0 |   0.0 | 124.0
               +-------+-------+-------+-------+-------+----------------------

Table legend:
 A = Kills in this place as a percentage of kills in entire the game.
 B = Kills by you in this place as a percentage of kills by you in the entire game.
 C = Kills by friends in this place as a percentage of kills by friends in the entire game.
 D = Other kills in this place as a percentage of other kills in the entire game.
 E = Experience gained in this place as a percentage of experience gained in the entire game.
 F = Experience gained in this place divided by the number of levels of this place that you have seen.
                   A       B       C       D       E      F
               +-------+-------+-------+-------+-------+----------------------
         Total | 100.0 | 100.0 | 100.0 |   N/A | 100.0 | 699.9
       Dungeon |  90.3 |  90.1 | 100.0 |   N/A |  82.7 | 771.9
          Lair |   4.9 |   5.0 |   0.0 |   N/A |  16.2 | 906.5
         Sewer |   4.9 |   5.0 |   0.0 |   N/A |   1.1 | 123.0
               +-------+-------+-------+-------+-------+----------------------

Vault maps used:
D:1:      dpeg_arrival_ternary, minivault_25, due_unseen_surprise
D:2:      yredelemnul_altar_generic, fedhas_altar_2, first_bread
D:3:      bloody_makhleb, old_standard_altar, overflow_temple_1_default,
          lemuel_round_altar, grunt_ministairs_6, dk_vineyard_2, minivault_14,
          minmay_goblin_outpost
D:5:      grunt_temple_overflow_diamond, gup_sewer_entry_bubbles, uniq_edmund
D:6:      kennysheep_mini_moat, minmay_temple_entry_purple_smoke
D:7:      nicolae_overflow_crystal_walls, the_bakery
D:8:      nicolae_whirlpool, slow_altar_2, nemelex_xobeh_ov_fountains_minmay
D:9:      minmay_misc_feat_hallway
D:10:     statuecave_lemuel, david_orc_2, uniq_josephine
D:12:     minmay_box_of_statues, serial_shops, shop, jmf_multi_god_temple
Temple:   jpeg_temple_island
Lair:2:   guppyfry_snake_entry_island, kennysheep_snail_temple, uniq_sonja,
          uniq_nergalle, uniq_erica
Sewer:    sewer_kobolds
